 Dungeon Crawl Stone Soup version 0.26-a0-542-gbaa144ba5c (webtiles) character file.

Game seed: 9474920686388675477

165 Aksej the Chopper (level 5, -4/40 HPs)
             Began as a Demonspawn Gladiator on Aug 17, 2020.
             Slain by an orc
             ... wielding a +1 dagger of protection
              (5 damage)
             ... on level 3 of the Dungeon.
             The game lasted 00:07:45 (2301 turns).

Aksej the Chopper (Demonspawn Gladiator)            Turns: 2301, Time: 00:07:45

Health: -4/40      AC:  6    Str: 15    XL:     5   Next: 22%
Magic:  5/5        EV: 13    Int:  9    God:
Gold:   147        SH:  0    Dex: 15    Spells: 4/4 levels left

rFire    . . .     SeeInvis .   a - +0 war axe
rCold    . . .     Faith    .   (no shield)
rNeg     . . .     Spirit   .   b - +1 leather armour
rPois    +         Reflect  .   l - +2 hat
rElec    .         Harm     .   (no cloak)
rCorr    .                      (no gloves)
MR       .....                  (no boots)
Stlth    +.........             (no amulet)
HPRegen  0.13/turn              j - ring of poison resistance
MPRegen  0.09/turn              (no ring)

@: mighty
A: claws 1, powered by pain 1
a: no special abilities


You were on level 3 of the Dungeon.
You visited 1 branch of the dungeon, and saw 3 of its levels.

You collected 147 gold pieces.

Inventory:

Hand Weapons
 a - a +0 war axe (weapon)
Missiles
 g - 3 boomerangs (quivered)
Armour
 b - a +1 leather armour (worn)
 l - a +2 hat (worn)
Jewellery
 j - a ring of poison resistance (left claw)
Scrolls
 i - 2 scrolls of remove curse
 k - a scroll of fog
 m - a scroll of teleportation
 n - a scroll of fear
Potions
 c - 2 potions of curing {unknown}
 d - a potion of heal wounds {unknown}
 f - a potion of ambrosia
 h - 2 potions of haste


   Skills:
 + Level 2.8 Fighting
 * Level 3.8 Axes
 + Level 2.5 Throwing
 + Level 1.5 Armour
 + Level 3.3 Dodging


You had 4 spell levels left.
You didn't know any spells.
Your spell library was empty.

Dungeon Overview and Level Annotations

Branches:
Dungeon (3/15)

Altars:


Innate Abilities, Weirdness & Mutations

You have sharp fingernails.
You sometimes gain a little power by taking damage.


Message History

You hit the orc. You hit the orc priest. You barely miss the orc.
The orc completely misses you.
The orc priest hits you but does no damage.
The orc hits you with a +1 dagger of protection.
You closely miss the orc priest.
The orc priest is lightly wounded.
You hit the orc. You closely miss the orc.
The orc hits you with a cursed -3 flail.
The orc priest mumbles some strange prayers to Beogh against you.
Beogh smites you! The orc hits you but does no damage. The orc misses you.
You barely miss the orc priest.
The orc priest is lightly wounded.
You barely miss the orc. x2
The orc priest mumbles some strange prayers to Beogh against you.
Beogh smites you!
* * * LOW HITPOINT WARNING * * *
You focus on the pain.
You feel very mighty all of a sudden.
The orc hits you with a +1 dagger of protection.
You die...

.(. ..# #.####.#
.......#
#o#.##.#
#o#.##.#
#o#.##.#
#o#.##.###
.###.#@#......#
......oo).....##
#.###.#######.#
#. #...#
#.#####.#.#
..........#
...####.#.#
#.#.# #.#.#


You could see an orc priest and 5 orcs.

Vanquished Creatures
  2 orc priests (D:3)
  An orc wizard (D:3)
  An adder (D:2)
  2 worms (D:2)
  A dart slug (D:2)
  4 orcs (D:3)
  3 bats
  4 giant cockroaches
  8 goblins
  10 hobgoblins
  4 jackals (D:2)
  2 quokkas
  2 ball pythons
  5 kobolds
  7 rats
56 creatures vanquished.

Notes
Turn   | Place    | Note
-------+----------+-------------------------------------------
     0 | D:1      | Aksej the Demonspawn Gladiator began the quest for the Orb.
     0 | D:1      | Reached XP level 1. HP: 16/16 MP: 1/1
     2 | D:1      | Noticed an octopode
     2 | D:1      | Noticed a naga
     4 | D:1      | Noticed a troll
     6 | D:1      | Noticed a tengu
     6 | D:1      | Noticed a vampire
     8 | D:1      | Noticed a human
     8 | D:1      | Noticed a vine stalker
    10 | D:1      | Noticed a minotaur
    10 | D:1      | Noticed a ghoul
    12 | D:1      | Noticed a draconian
    12 | D:1      | Noticed an ogre
    14 | D:1      | Noticed a centaur
    16 | D:1      | Noticed a demigod
    16 | D:1      | Noticed a merfolk
    18 | D:1      | Noticed a gargoyle
    18 | D:1      | Noticed a halfling
    22 | D:1      | Noticed a spriggan
    22 | D:1      | Noticed a formicid
    24 | D:1      | Noticed a felid
    24 | D:1      | Noticed an elf
    26 | D:1      | Noticed a dwarf
    26 | D:1      | Noticed a demonspawn
   196 | D:1      | Gained mutation: You have sharp fingernails. [demonic
                  | ancestry]
   196 | D:1      | Reached XP level 2. HP: 22/22 MP: 2/2
   839 | D:2      | Reached XP level 3. HP: 9/27 MP: 3/3
  1391 | D:2      | Reached skill level 1 in Armour
  1850 | D:3      | Reached XP level 4. HP: 34/34 MP: 4/4
  2288 | D:3      | Gained mutation: You sometimes gain a little power by
                  | taking damage. [demonic ancestry]
  2288 | D:3      | Reached XP level 5. HP: 40/40 MP: 5/5
  2301 | D:3      | HP: 1/40 [orc priest/divine providence (14)]
  2301 | D:3      | Slain by an orc

Illustrated notes

Levels and vault maps discovered:
D:1:      kb_arrival_jail, layout_basic
D:2:      layout_basic, chequers_serial_rivers_micro_c
D:3:      layout_basic, nicolae_overflow_hidden_temple

Skill      XL: |  1  2  3 |
---------------+----------+-----
Throwing       | 2 |  2.5
Axes           | 3 |  3.8
Dodging        | 3 |  3.3
Armour         | 1 |  1.5
Fighting       | |  2.8

Action                   |  1- 3 |  4- 6 || total
-------------------------+-------+-------++-------
Melee: War axe           |    60 |    25 ||    85
Throw: Throwing net      |     3 |       ||     3
       Javelin           |    38 |     5 ||    43
       Boomerang         |    16 |     8 ||    24
  Use: Scroll            |    11 |     1 ||    12
Armor: Leather armour    |    19 |     5 ||    24
Dodge: Dodged            |    43 |    13 ||    56

Table legend: (Time is in decaauts)
 A = Elapsed time spent in this place.
 B = Non-inter-level travel time spent in this place.
 C = Inter-level travel time spent in this place.
 D = Time resting spent in this place.
 E = Time spent auto-exploring this place.
 F = Levels seen in this place.
 G = Mean time per level.
                   A        B        C        D        E       F      G
               +--------+--------+--------+--------+--------+-----+--------+
         Total |   2349 |   2298 |     51 |     21 |   1916 |   3 |  783.0 |
       Dungeon |   2349 |   2298 |     51 |     21 |   1916 |   3 |  783.0 |
               +--------+--------+--------+--------+--------+-----+--------+

Top non-repeatable levels by time:
     D:2: 1064 daAuts
     D:1: 819 daAuts
     D:3: 465 daAuts
